 Dungeon Crawl Stone Soup version 0.31-a0-1074-g0b22e4e0f1 (webtiles) character file.

Game seed: 6220529378019776442

3178 Dittersdorf the Blocker (level 9, -5/59 HPs)
             Began as a Gargoyle Fighter on Dec 7, 2023.
             Was an Initiate of Gozag.
             Splashed by a jelly's acid (7 damage)
             ... on level 6 of the Dungeon.
             The game lasted 00:08:21 (5368 turns).

Dittersdorf the Blocker (Gargoyle Fighter)          Turns: 5368, Time: 00:08:21

Health: -5/59      AC: 24    Str: 25    XL:     9   Next: 95%
Magic:  9/9        EV: 10    Int:  8    God:    Gozag
Gold:   430        SH:  5    Dex:  9    Spells: 8/8 levels left

rFire   + . .        j - +2 whip (elec)
rCold   . . .        c - +0 buckler
rNeg    + + .        b - +1 ring mail {rF+}
rPois   ∞            s - +5 helmet of Fosayloaf {rN+ Will++ SInv Stlth-}
rElec   +            n - +0 cloak
rCorr   .            k - +0 pair of gloves
SInv    +            r - +0 pair of boots
Will    ++...        p - amulet of magic regeneration Stlth
                     (no ring)
HPRegen 0.29/turn    (no ring)
MPRegen 0.51/turn

%: no passive effects
@: gold aura
A: sickness immunity, AC +6, negative energy resistance 1, electricity
resistance, torment resistance 1, petrification resistance
a: Renounce Religion, Potion Petition, Call Merchant, Bribe Branch


You were on level 6 of the Dungeon.
You worshipped Gozag.
Gozag was aware of your devotion.
You visited 1 branch of the dungeon, and saw 6 of its levels.

You collected 518 gold pieces.
You paid 88 gold pieces to Gozag.

Inventory:

Hand Weapons
 a - a +0 flail
 j - a +2 whip of electrocution (weapon)
Armour
 b - a +1 ring mail of fire resistance (worn)
 c - a +0 buckler (worn)
 k - a +0 pair of gloves (worn)
 n - a +0 cloak (worn)
 r - a +0 pair of boots (worn)
 s - the +5 helmet of Fosayloaf (worn) {rN+ Will++ SInv Stlth-}
   (You took it off Robin on level 3 of the Dungeon)

   rN+:       It protects you from negative energy.
   Will++:    It greatly increases your willpower.
   SInv:      It lets you see invisible.
   Stlth-:    It makes you less stealthy.
Magical Staves
 m - a staff of earth
Jewellery
 p - an amulet of magic regeneration (around neck)
Wands
 g - a wand of flame (16) (quivered)
Scrolls
 e - a scroll of teleportation
 h - a scroll of revelation
Potions
 d - a potion of might
 f - 2 potions of mutation
 i - a potion of heal wounds
 l - 6 potions of curing
 o - a potion of berserk rage


   Skills:
 + Level 8.2 Fighting
 + Level 7.0 Maces & Flails
 + Level 8.2 Armour
 + Level 8.2 Shields


You had 8 spell levels left.
You didn't know any spells.
Your spell library contained the following spells:

 Spells                   Type           Power      Damage    Failure   Level
 Magic Dart               Conj           0%         1d3       58%         1
 Blink                    Tloc           0%         N/A       73%         2
 Searing Ray              Conj           0%         2d4       73%         2
 Hailstorm                Conj/Ice       0%         3d3       91%         3
 Fulminant Prism          Conj/Hex       0%         3d5       100%        4
 Manifold Assault         Tloc           0%         N/A       100%        4
 Summon Ice Beast         Ice/Summ       0%         N/A       100%        4
 Simulacrum               Ice/Necr       Unusable   N/A       N/A         6

Dungeon Overview and Level Annotations

Branches:
Dungeon (6/15)
 Temple: D:4-7

Altars:
Elyvilon
Gozag
Hepliaklqana
Makhleb
Okawaru
Qazlal
Ru
Trog
Vehumet
Xom
Zin

Shops:
D:4 :


Innate Abilities, Weirdness & Mutations

You are immune to sickness and miasma.
Your stone body is resilient. (AC +6)
You are immune to poison.
You resist negative energy. (rN+)
You are resistant to electric shocks. (rElec)
You are resistant to unholy torment.
You are immune to petrification.


Message History

The orc is distracted by your dazzling golden aura.
The orc hits you but does no damage.
The orc shouts!
You hit the orc. Lightning courses through the orc!
You kill the orc!
You barely miss the shadow imp.
The orc is no longer distracted by gold.
You block the shadow imp's attack.
You hit the shadow imp.
Lightning courses through the shadow imp!
You kill the shadow imp!
You whack the orc!
You kill the orc!
An ogre comes into view. It is wielding a +0 giant spiked club.
Things that are here:
19 gold pieces; a +0 flail; a +0 flail The ogre shouts!
Things that are here:
18 gold pieces; a +0 giant club; a +0 giant club The ogre hits you with a +0 giant spiked club!
* * * LOW HITPOINT WARNING * * *
Things that are here:
18 gold pieces; a +0 giant club; a +0 giant club
Things that are here:
19 gold pieces; a +0 flail; a +0 flail
Aiming: Throw Flame
Press: ? - help, Q - select action, (/) - cycle Shift-Dir - straight line The puff of flame hits the ogre!
The ogre is moderately wounded.
The ogre barely misses you.
You whack the ogre! Lightning courses through the ogre!!
You kill the ogre!
You hit the jelly.
Your hands burn!
* * * LOW HITPOINT WARNING * * *
The jelly is moderately wounded.
The jelly hits you.
* * * LOW HITPOINT WARNING * * *
You are splashed with acid!
You die...
Your body crumbles into a pile of gold.

#.# #.###.### #.. #####.#
#.......###..
#.....######.........#..
#......##........###.#
#....(.##..........#..
###.#......##....#..#.####
....!..$...####.....#.#
####.##.##### #.....#.####
#.#..J@..# #.....#..... #
######.###.....######
#...........#...
######..#.....##
#.......... #####.#....
#...... ###.... ###.#


You could see a jelly.

Vanquished Creatures
  A two-headed ogre (D:6)
  Pikel (D:3)
  Grinder (D:3)
  Prince Ribbit (D:5)
  Menkaure (D:4)
  2 water moccasins (D:5)
  Duvessa (D:4)
  A black bear (D:5)
  2 ogres
  A phantom (D:6)
  3 scorpions (D:5)
  Dowan (D:3)
  A howler monkey (D:6)
  3 hounds
  5 jellies
  A sleepcap (D:3)
  3 iguanas
  Natasha (twice) (D:3)
  An orc wizard (D:5)
  Robin (D:3)
  10 gnolls
  6 adders
  A shadow imp (D:6)
  2 white imps
  An ufetubus (D:6)
  2 worms
  3 dart slugs
  16 orcs
  7 ball pythons
  7 bats
  20 endoplasms
  4 giant cockroaches
  17 goblins
  14 hobgoblins
  5 quokkas
  4 frilled lizards
  19 kobolds
  6 rats
177 creatures vanquished.

Notes
Turn   | Place    | Note
-------+----------+-------------------------------------------
     0 | D:1      | Dittersdorf the Gargoyle Fighter began the quest for the
                  | Orb.
     0 | D:1      | Reached XP level 1. HP: 14/14 MP: 1/1
   158 | D:1      | Reached XP level 2. HP: 18/19 MP: 2/2
   524 | D:1      | Reached XP level 3. HP: 23/23 MP: 3/3
  1573 | D:2      | Found a radiant altar of Vehumet.
  1719 | D:3      | Reached XP level 4. HP: 29/29 MP: 4/4
  1926 | D:3      | Identified the +5 helmet of Fosayloaf {rN+ Will++ SInv
                  | Stlth-}
  1926 | D:3      | Noticed Robin
  1963 | D:3      | Killed Robin
  1964 | D:3      | Reached XP level 5. HP: 31/33 MP: 5/5
  2087 | D:3      | Noticed Natasha
  2091 | D:3      | Killed Natasha
  2230 | D:3      | Reached XP level 6. HP: 34/39 MP: 6/6
  2342 | D:3      | Noticed Natasha
  2349 | D:3      | Killed Natasha
  2559 | D:3      | Found a bloodstained altar of Trog.
  2650 | D:3      | Found a white marble altar of Elyvilon.
  2650 | D:3      | Found an iron altar of Okawaru.
  2650 | D:3      | Found a hazy altar of Hepliaklqana.
  2650 | D:3      | Found a glowing silver altar of Zin.
  2650 | D:3      | Found a sacrificial altar of Ru.
  2650 | D:3      | Found a shimmering altar of Xom.
  2943 | D:4      | Noticed Menkaure
  2950 | D:4      | Killed Menkaure
  2951 | D:4      | Reached skill level 5 in Fighting
  2951 | D:4      | Reached skill level 5 in Armour
  2951 | D:4      | Reached skill level 5 in Shields
  2951 | D:4      | Reached XP level 7. HP: 34/44 MP: 7/7
  2960 | D:4      | Noticed Grinder
  2981 | D:4      | Noticed Duvessa
  3130 | D:4      | Noticed Dowan
  3217 | D:4      | Killed Duvessa
  3232 | D:3      | Killed Grinder
  3339 | D:4      | Noticed Pikel
  3348 | D:3      | Killed Dowan
  3349 | D:3      | Reached XP level 8. HP: 32/51 MP: 8/8
  3433 | D:3      | Killed Pikel
  3434 | D:3      | Reached skill level 5 in Maces & Flails
  3700 | D:4      | Found Nisach's Tiny Tomes.
  3868 | D:4      | Found a large runed translucent door.
  3869 | D:4      | Found a large runed translucent door.
  3972 | D:4      | Found a stormy altar of Qazlal.
  3992 | D:4      | Found a burning altar of Makhleb.
  4047 | D:5      | Entered Level 5 of the Dungeon
  4214 | D:5      | Found an opulent altar of Gozag.
  4226 | D:5      | Became a worshipper of Gozag Ym Sagoz the Greedy
  4263 | D:5      | Reached XP level 9. HP: 54/56 MP: 9/9
  4408 | D:5      | Noticed Prince Ribbit
  4468 | D:5      | Killed Prince Ribbit
  5329 | D:6      | Noticed a two-headed ogre
  5351 | D:6      | Killed a two-headed ogre
  5368 | D:6      | HP: 2/59 [jelly (1)]
  5368 | D:6      | Splashed by a jelly's acid

Illustrated notes

Levels and vault maps discovered:
D:1:      dpeg_arrival_erosion, layout_basic, chequers_serial_rivers_micro_e
D:2:      kb_forest_paths, layout_basic, basic_altar, chequers_avenue,
          hangedman_decor_growths
D:3:      cheibrodos_fertilizer, layout_basic,
          mainiacjoe_overflow_surrounded_room, minmay_joined_circles,
          uniq_robin, uniq_natasha
D:4:      layout_cave_pools, jmf_multi_god_temple2,
          nicolae_shop_i_like_small_books_too, minmay_misc_feat_cross,
          uniq_duvessa, uniq_menkaure, uniq_grinder, uniq_pikel
D:5:      cheibrodos_fzero, layout_basic, nicolae_gozag_seed_capital,
          hangedman_abyss_or_decor_stabs, uniq_prince_ribbit1
D:6:      minmay_skewed_foursquare, layout_basic,
          minmay_temple_entry_statues_fountains, gammafunk_ghost_cemetery,
          kennysheep_small_square

Skill      XL: |  1  2  3  4  5  6  7  8  9 |
---------------+----------------------------+-----
Fighting       | 4 5 6 8 |  8.2
Shields        | 4 5 6 8 |  8.2
Armour         | 4 5 6 8 |  8.2
Maces & Flails | 3 4 5 7 |  7.0

Action                     |  1- 3 |  4- 6 |  7- 9 || total
---------------------------+-------+-------+-------++-------
  Melee: Flail             |    30 |       |       ||    30
         Whip              |    91 |   226 |   285 ||   602
  Evoke: Wand              |       |       |     2 ||     2
    Use: Scroll            |       |     9 |     5 ||    14
 Armour: Scale mail        |    58 |   109 |       ||   167
         Chain mail        |       |     4 |    75 ||    79
         Ring mail         |       |       |   123 ||   123
  Dodge: Dodged            |    56 |    54 |   104 ||   214
  Block: Buckler           |    25 |    31 |    75 ||   131

Table legend: (Time is in decaauts)
 A = Elapsed time spent in this place.
 B = Non-inter-level travel time spent in this place.
 C = Inter-level travel time spent in this place.
 D = Time resting spent in this place.
 E = Time spent auto-exploring this place.
 F = Levels seen in this place.
 G = Mean time per level.
                   A        B        C        D        E       F      G
               +--------+--------+--------+--------+--------+-----+--------+
         Total |   5336 |   5130 |    206 |    404 |   3533 |   6 |  889.3 |
       Dungeon |   5336 |   5130 |    206 |    404 |   3533 |   6 |  889.3 |
               +--------+--------+--------+--------+--------+-----+--------+

Top non-repeatable levels by time:
     D:3: 1667 daAuts
     D:5: 999 daAuts
     D:1: 867 daAuts
     D:2: 843 daAuts
     D:4: 668 daAuts
     D:6: 289 daAuts
